 Dungeon Crawl Stone Soup version 0.27-a0-1456-gf5a116941d (webtiles) character file.

Game seed: 11987136086345731914

1958 wesbby the Carver (level 9, -3/118 HPs)
             Began as a Minotaur Berserker on July 6, 2021.
             Was an Elder of Trog.
             Slain by a 14-headed hydra (4 damage)
             ... on level 5 of the Dungeon.
             The game lasted 00:11:54 (4968 turns).

wesbby the Carver (Minotaur Berserker)              Turns: 4968, Time: 00:11:54

Health: -3/118     AC: 19    Str: 26    XL:     9   Next: 0%
Magic:  8/8        EV:  8    Int:  4    God:    Trog [****..]
Gold:   464        SH:  0    Dex:  9    Spells: 8/8 levels left

rFire    . . .     SeeInvis +   a - +2 falchion
rCold    . . .     Faith    .   (no shield)
rNeg     . . .     Spirit   .   z - +0 plate armour
rPois    .         Reflect  .   (helmet restricted)
rElec    .         Harm     .   n - +2 cloak
rCorr    .         Rampage  .   g - +1 pair of gloves
Will     .....                  (no boots)
Stlth    ..........             l - amulet of the acrobat
HPRegen  0.29/turn              u - ring of see invisible
MPRegen  0.11/turn              (no ring)

@: berserking (expiring), marked, very quick
A: horns 2, retaliatory headbutt
a: Renounce Religion, Berserk, Trog's Hand, Brothers in Arms


You were on level 5 of the Dungeon.
You worshipped Trog.
Trog was greatly pleased with you.
You visited 1 branch of the dungeon, and saw 7 of its levels.

You collected 464 gold pieces.

Inventory:

Hand Weapons
 a - a +2 falchion (weapon)
Missiles
 d - 8 atropa-tipped darts (quivered)
 x - 2 throwing nets
Armour
 b - a +0 animal skin
 e - a +0 ring mail
 g - a +1 pair of gloves (worn)
 j - a +0 chain mail
 n - a +2 cloak (worn)
 z - a +0 plate armour (worn)
Jewellery
 l - an amulet of the acrobat (around neck)
 u - a ring of see invisible (left hand)
Wands
 h - a wand of flame (21)
 k - a wand of polymorph (3)
 o - a wand of acid (8)
 r - a wand of mindburst (15)
Scrolls
 f - a scroll of holy word
 s - 2 scrolls of silence
 w - a scroll of magic mapping
Potions
 c - a potion of flight
 i - a potion of might
 m - 4 potions of curing
 p - a potion of mutation


   Skills:
 * Level 7.1 Fighting
 * Level 9.3 Long Blades
 * Level 8.1 Armour
 * Level 4.8 Dodging
 + Level 0.5 Stealth


You had 8 spell levels left.
You didn't know any spells.
Your spell library was empty.

Dungeon Overview and Level Annotations

Branches:
Dungeon (7/15)             Temple (0/1) D:4

Altars:
Cheibriados
Gozag
Makhleb
Ru
Sif Muna
Uskayaw
Vehumet
Yredelemnul

Shops:
D:3 *[[

Annotations:
D:4 3 runed translucent doors, Dahleepoo's ghost, weakling MiGl


Innate Abilities, Weirdness & Mutations

You have a pair of horns on your head.
You reflexively headbutt those who attack you in melee.


Message History

* * * LOW HITPOINT WARNING * * *
The 11-headed hydra bites you but does no damage. x4
The 11-headed hydra bites you.
* * * LOW HITPOINT WARNING * * *
The 11-headed hydra barely misses you.
You chop one of the 11-headed hydra's heads off!
The ten-headed hydra grows two more!
You slice the 12-headed hydra!!
The 12-headed hydra is severely wounded.
The 12-headed hydra bites you.
* * * LOW HITPOINT WARNING * * *
The 12-headed hydra bites you but does no damage.
The 12-headed hydra bites you.
* * * LOW HITPOINT WARNING * * *
The 12-headed hydra bites you but does no damage. x4
The 12-headed hydra bites you.
* * * LOW HITPOINT WARNING * * *
The 12-headed hydra bites you but does no damage.
The 12-headed hydra bites you.
* * * LOW HITPOINT WARNING * * *
The 12-headed hydra bites you but does no damage. x2
You lop one of the 12-headed hydra's heads off!
The 11-headed hydra grows two more!
You slice the 13-headed hydra!!
The 13-headed hydra is almost dead.
You chop one of the 13-headed hydra's heads off!
The 12-headed hydra grows two more!
You slash the 14-headed hydra!
The 14-headed hydra is almost dead.
The 14-headed hydra bites you but does no damage. x2
The 14-headed hydra bites you.
* * * LOW HITPOINT WARNING * * *
The 14-headed hydra bites you but does no damage.
The 14-headed hydra closely misses you. The 14-headed hydra bites you.
* * * LOW HITPOINT WARNING * * *
The 14-headed hydra bites you.
* * * LOW HITPOINT WARNING * * *
The 14-headed hydra bites you but does no damage. x2
The 14-headed hydra bites you.
* * * LOW HITPOINT WARNING * * *
The 14-headed hydra closely misses you. The 14-headed hydra barely misses you.
The 14-headed hydra bites you.
You die...

### ##### ###.# #...# #...#
#.#.# #@### #.#.# #D# ###.#.#
####### ######.########...#.###
#.....####..............<.......
#.....##...####.########.######.
#........### #.# #..# #.
#.....#### #.#######)#######.
####...## #.##.....)).##....
###..#### #.##........#..##.


You could see a 14-headed hydra.

Vanquished Creatures
  Grinder (D:3)
  An acid dragon (D:7)
  A water moccasin (D:6)
  An ice beast (D:7)
  A necrophage (D:5)
  3 ogres
  A black bear (D:6)
  A centaur (D:5)
  A phantom (D:4)
  A water moccasin zombie (D:5)
  A wyvern zombie (D:5)
  A water moccasin skeleton (D:4)
  A crimson imp (D:6)
  A centaur zombie (D:7)
  A hound (D:5)
  2 jellies (D:5)
  2 gnoll shamans (D:6)
  A centaur skeleton (D:6)
  3 orc priests
  Crazy Yiuf (D:3)
  An iguana (D:6)
  5 orc wizards
  A howler monkey zombie (D:6)
  An adder (D:5)
  6 gnolls (D:6)
  2 shadow imps (D:5)
  2 ufetubi
  An adder skeleton (D:4)
  A dart slug (D:4)
  19 orcs
  7 ball pythons
  5 bats
  3 endoplasms
  3 giant cockroaches
  5 goblins
  7 hobgoblins
  8 jackals (D:1)
  6 kobolds
  2 quokkas
  3 frilled lizards
  A rat (D:3)
115 creatures vanquished.

Notes
Turn   | Place    | Note
-------+----------+-------------------------------------------
     0 | D:1      | wesbby the Minotaur Berserker began the quest for the Orb.
     0 | D:1      | Reached XP level 1. HP: 19/19 MP: 0/0
    97 | D:1      | Reached XP level 2. HP: 27/27 MP: 1/1
   106 | D:1      | Reached skill level 4 in Long Blades
   773 | D:1      | Found a faded altar of an unknown god.
   828 | D:2      | Reached XP level 3. HP: 33/33 MP: 2/2
   979 | D:2      | Reached ** piety under Trog
  1345 | D:3      | Found Zemeh's Antique Armour Boutique.
  1456 | D:3      | Found Koajet's Assorted Antiques.
  1552 | D:3      | Found a runed translucent door.
  1553 | D:3      | Noticed Crazy Yiuf
  1773 | D:3      | Found Yzxal's Armour Boutique.
  1797 | D:3      | Noticed Grinder
  1804 | D:3      | Killed Grinder
  1805 | D:3      | Reached skill level 5 in Fighting
  1805 | D:3      | Reached skill level 5 in Long Blades
  1805 | D:3      | Reached XP level 4. HP: 42/42 MP: 3/3
  1805 | D:3      | Reached XP level 5. HP: 48/48 MP: 4/4
  2221 | D:3      | Killed Crazy Yiuf
  2222 | D:3      | Reached XP level 6. HP: 56/56 MP: 5/5
  2485 | D:4      | Reached skill level 6 in Long Blades
  2575 | D:4      | Found a sacrificial altar of Ru.
  2585 | D:4      | Reached skill level 5 in Armour
  2585 | D:4      | Reached XP level 7. HP: 62/62 MP: 6/6
  2598 | D:4      | Found a runed translucent gate.
  2600 | D:4      | Found a runed translucent gate.
  2601 | D:4      | Found a runed translucent gate.
  2601 | D:4      | Noticed Dahleepoo's ghost (weakling MiGl)
  2609 | D:4      | Found a staircase to the Ecumenical Temple.
  2789 | D:4      | Found a shimmering blue altar of Sif Muna.
  2931 | D:5      | Entered Level 5 of the Dungeon
  3040 | D:5      | Reached *** piety under Trog
  3116 | D:5      | Found a snail-covered altar of Cheibriados.
  3116 | D:5      | Found a hide-covered altar of Uskayaw.
  3124 | D:5      | Found a faded altar of an unknown god.
  3126 | D:5      | Found a faded altar of an unknown god.
  3130 | D:5      | Found an opulent altar of Gozag.
  3206 | D:5      | HP: 3/63 [orc priest/divine providence (15)]
  3208 | D:5      | Reached skill level 7 in Long Blades
  3553 | D:5      | Reached XP level 8. HP: 71/71 MP: 7/7
  3950 | D:6      | Found a basalt altar of Yredelemnul.
  4094 | D:6      | Reached skill level 8 in Long Blades
  4350 | D:6      | Found a burning altar of Makhleb.
  4350 | D:6      | Found a radiant altar of Vehumet.
  4436 | D:6      | Reached **** piety under Trog
  4687 | D:6      | Reached skill level 9 in Long Blades
  4891 | D:7      | Reached XP level 9. HP: 64/79 MP: 8/8
  4903 | D:7      | Noticed a four-headed hydra
  4968 | D:5      | HP: 5/118 [14-headed hydra (1)]
  4968 | D:5      | HP: 1/118 [14-headed hydra (4)]
  4968 | D:5      | Slain by a 14-headed hydra

Illustrated notes

Levels and vault maps discovered:
D:1:      ncdulo_watergridlock, layout_rooms,
          hellmonk_ecumenical_altar_arch_garden, minmay_misc_feat_encased
D:2:      layout_rooms
D:3:      layout_basic, serial_shops, nicolae_shop_waterfront, shop, shop,
          serial_park_tiny_pond, uniq_grinder, uniq_crazy_yiuf_cottage
D:4:      layout_rooms, lemuel_coloured_pillars_altar,
          nicolae_ru_great_annihilating_truth,
          minmay_temple_entry_drinking_statues, gammafunk_ghost_nasty_kobolds
D:5:      layout_rooms, chequers_temple_overflow_minitemple
D:6:      layout_rooms, grunt_temple_overflow_lords_of_destruction,
          amcnicky_altar_gilded, solitary_fountain
D:7:      layout_loops_ring, nicolae_kikubaaqudgha_miasma_corner,
          hangedman_minor_gate_pass

Skill      XL: |  1  2  3  4  5  6  7  8 |
---------------+-------------------------+-----
Fighting       | 4 5 6 7 |  7.1
Long Blades    | 4 5 6 7 9 |  9.3
Armour         | 4 5 6 8 |  8.1
Dodging        | 3 4 |  4.8
Stealth        | |  0.5

Action                   |  1- 3 |  4- 6 |  7- 9 || total
-------------------------+-------+-------+-------++-------
Melee: Falchion          |    78 |    36 |   170 ||   284
       Headbutt          |    13 |     8 |    35 ||    56
Invok: Berserk           |     2 |     3 |    10 ||    15
  Use: Potion            |     4 |     1 |     2 ||     7
       Scroll            |     3 |     1 |     7 ||    11
Armor: Animal skin       |     9 |       |       ||     9
       Chain mail        |    18 |    32 |    79 ||   129
       Plate armour      |       |       |    57 ||    57
Dodge: Dodged            |    52 |    25 |   122 ||   199
       Rpst.: Falchion   |    12 |    12 |    21 ||    45

Table legend: (Time is in decaauts)
 A = Elapsed time spent in this place.
 B = Non-inter-level travel time spent in this place.
 C = Inter-level travel time spent in this place.
 D = Time resting spent in this place.
 E = Time spent auto-exploring this place.
 F = Levels seen in this place.
 G = Mean time per level.
                   A        B        C        D        E       F      G
               +--------+--------+--------+--------+--------+-----+--------+
         Total |   5094 |   4780 |    314 |    335 |   3505 |   7 |  727.7 |
       Dungeon |   5094 |   4780 |    314 |    335 |   3505 |   7 |  727.7 |
               +--------+--------+--------+--------+--------+-----+--------+

Top non-repeatable levels by time:
     D:3: 1047 daAuts
     D:5: 1030 daAuts
     D:6: 902 daAuts
     D:1: 830 daAuts
     D:4: 608 daAuts
     D:2: 493 daAuts
     D:7: 181 daAuts
